 Dungeon Crawl Stone Soup version 0.29-a0-676-ga64570c9d2 (webtiles) character file.

Game seed: 17680422365103300148

43930 buhh the Spry (level 14, -18/86 HPs)
             Began as a Kobold Hunter on June 24, 2022.
             Was a High Priest of Hepliaklqana.
             Demolished by a wolf spider (23 damage)
             ... in a Gauntlet on June 25, 2022.
             The game lasted 00:47:12 (18761 turns).

buhh the Spry (Kobold Hunter)                      Turns: 18761, Time: 00:47:12

Health: -18/86     AC: 11    Str: 20    XL:     14   Next: 63%
Magic:  20/20      EV: 27    Int: 14    God:    Hepliaklqana [*****.]
Gold:   518        SH:  0    Dex: 20    Spells: 13/13 levels left

rFire   + . .      SeeInvis .   b - +12 arbalest "Concordance" {venom, rElec rPois rF+ Will++}
rCold   . . .      Faith    .   (shield currently unavailable)
rNeg    . . .      Spirit   .   E - +0 troll leather armour
rPois   +          Reflect  .   u - +1 helmet
rElec   +          Harm     .   H - +1 cloak
rCorr   .          Rampage  .   i - +0 pair of gloves
Will    +++..      NoTele   +   S - +1 pair of boots
Stlth   +++.......              q - amulet of regeneration
HPRegen 1.84/turn               h - +6 ring of strength
MPRegen 0.17/turn               M - +6 ring of strength

@: very slow
A: reduced essence, small, no large weapons, nightstalker 3
a: Renounce Religion, Recall Ancestor, Ancestor Identity, Transference, Idealise


You were in a Gauntlet.
You worshipped Hepliaklqana.
Hepliaklqana was extremely pleased with you.
You visited 4 branches of the dungeon, and saw 19 of its levels.
You also visited: Sewer, Ossuary and Gauntlet.

You collected 960 gold pieces.
You spent 442 gold pieces at shops.

Inventory:

Hand Weapons
 b - the +12 arbalest "Concordance" (weapon) {venom, rElec rPois rF+ Will++}
   (You acquired it on level 3 of the Lair of Beasts)

   Any ammunition fired from it poisons the flesh of those it strikes.
   rF:        It protects you from fire.
   rElec:     It insulates you from electricity.
   rPois:     It protects you from poison.
   Will:      It greatly increases your willpower.
 w - a +1 arbalest of venom
Missiles
 s - 2 throwing nets {!f}
 A - 44 poisoned darts
 V - 12 curare-tipped darts
Armour
 i - a +0 pair of gloves (worn)
 u - a +1 helmet (worn)
 E - a +0 troll leather armour (worn)
 H - a +1 cloak (worn)
 S - a +1 pair of boots (worn)
Magical Staves
 j - a staff of cold
 v - a staff of air
Jewellery
 a - a ring of willpower
 g - a ring of protection from fire
 h - a +6 ring of strength (left hand)
 m - a ring of flight
 q - an amulet of regeneration (around neck)
 G - a ring of protection from fire
 M - a +6 ring of strength (right hand)
 Y - the ring of Leaddoj {*Corrode Fly rN+ Int+6}
   (You found it on level 12 of the Dungeon)

   [ring of intelligence]

   Int:       It affects your intelligence (+6).
   rN:        It protects you from negative energy.
   Fly:       It grants you flight.
   *Corrode:  It may corrode you when you take damage.
Wands
 n - a wand of flame (43)
 y - a wand of charming (21)
 B - a wand of mindburst (12)
 F - a wand of iceblast (4)
 W - a wand of polymorph (2)
Scrolls
 d - a scroll of fear {!r}
 e - 3 scrolls of silence {!r}
 l - a scroll of brand weapon
 r - a scroll of poison
 t - a scroll of teleportation {!d}
 I - 2 scrolls of vulnerability
 P - 2 scrolls of magic mapping {!r!d}
 Q - 3 scrolls of fog
 T - 3 scrolls of immolation {!d}
 X - 4 scrolls of amnesia
 Z - a scroll of enchant armour
Potions
 f - 2 potions of might
 k - 2 potions of flight
 o - 2 potions of lignification {unknown}
 x - 3 potions of attraction {unknown}
 z - a potion of ambrosia {unknown}
 C - 4 potions of cancellation {unknown}
 J - 4 potions of magic {!q!d}
 K - 3 potions of berserk rage {unknown}
 L - 3 potions of resistance {!q!d}
 N - 10 potions of curing {!q!d}
 O - a potion of haste {!q!d}
 U - 5 potions of mutation {!d}
Miscellaneous
 p - a phial of floods (inert)
 D - a condenser vane
 R - a box of beasts


   Skills:
 - Level 14.0 Fighting
 - Level 16.0 Crossbows
 - Level 16.1 Dodging
 * Level 11.9 Stealth
 - Level 8.0 Invocations


You had 13 spell levels left.
You didn't know any spells.
Your spell library contained the following spells:

 Spells                   Type           Power      Damage    Failure   Level
 Magic Dart               Conj           0%         1d3       34%         1
 Call Imp                 Summ           0%         N/A       45%         2
 Sublimation of Blood     Necr           0%         N/A       45%         2
 Mephitic Cloud           Conj/Pois/Air  0%         N/A       71%         3
 Ozocubu's Armour         Ice            0%         N/A       71%         3
 Summon Guardian Golem    Hex/Summ       0%         N/A       71%         3
 Tukima's Dance           Hex            0%         N/A       71%         3
 Animate Armour           Summ/Erth      0%         N/A       98%         4
 Passage of Golubria      Tloc           0%         N/A       98%         4
 Petrify                  Tmut/Erth      0%         N/A       98%         4
 Irradiate                Conj/Tmut      0%         3d13      100%        5
 Yara's Violent Unravell  Hex/Tmut       0%         3d3       100%        5
 Statue Form              Tmut/Erth      0%         N/A       100%        6
 Ozocubu's Refrigeration  Ice            0%         4d5       100%        7


Dungeon Overview and Level Annotations

Branches:
Dungeon (12/15) Zot: 26638  Temple (1/1) D:6 Zot: 5973    Lair (5/6) D:11 Zot: 25662
 Shoals (0/4) Lair:3       Spider (0/4) Lair:2          Orc (1/2) D:10 Zot: 5986
  Sewer (visited)         Ossuary (visited)         Gauntlet (1/1) Zot: 5582
  Slime: Lair:5-6

Altars:
Ashenzari
Cheibriados
Dithmenos
Fedhas
Gozag
Hepliaklqana
Makhleb
Nemelex Xobeh
Qazlal
Ru
Sif Muna
Trog
Uskayaw
Vehumet
Wu Jian
Yredelemnul
The Shining One

Shops:
D:5 *   D:10 *

Annotations:
D:9 2 transporters, valliere's ghost, novice DrFE
Lair:2 exclusions: culicivora, jumping spider, orange demon, redback and 3 more exclusions Gauntlet 5 transporters


Innate Abilities, Weirdness & Mutations

Your life essence is reduced to manifest your ancestor. (-10% HP)
You are small and have problems with some larger weapons.
You are completely attuned to the shadows.


Message History

The wolf spider misses you. x2
The redback bites you but does no damage.
The wolf spider completely misses you. The wolf spider misses you.
The redback completely misses you. x2
You shoot a bolt. The bolt hits the wolf spider!!
The wolf spider is poisoned.
The wolf spider is heavily wounded.
The wolf spider misses you. The wolf spider bites you. The redback misses you.
The redback closely misses you. The wolf spider hits you!!
The wolf spider bites you!
* * * LOW HITPOINT WARNING * * *
The redback completely misses you. The redback closely misses you.
The wolf spider hits you!
* * * LOW HITPOINT WARNING * * *
The wolf spider bites you but does no damage.
Blink to where?
Press: ? - help, Dir - move target, p - wolf spider
As you read the scroll of blinking {!d}, it crumbles to dust.
Okay, then.
Aim the phial where?
Press: ? - help, Q - select action, (/) - cycle Shift-Dir - straight line, f - redback
Aim: a redback (berserk)
The torrent of water hits the redback!
The redback is moderately wounded.
The redback is knocked back by the torrent of water.
The redback collides with the redback!
The redback is lightly wounded.
The redback is moderately wounded.
The wave splashes down.
Splash!
You fall into the shallow water.
Moving in this stuff is going to be slow.
The wolf spider is engulfed in water.
The redback is engulfed in water. x2
Okay, then.
Okay, then.
Okay, then.
Really quaff
N - 11 potions of curing {!q!d}?
You feel better. The wolf spider hits you!!
* * * LOW HITPOINT WARNING * * *
The wolf spider misses you. The wolf spider hits you!!
You die...

.##.######.#.##..#.≈##
#.©#.## 8.
#.p###.8.#.##..#:#..##...
p##.##...#..####"#...#.8.
#.#h[#.8.#.......#.∩.#...
######...#########...#.©.
.....#.8.....#.....8.#...
######...#########...#.©.
.....#.8.#.#..≈≈@#.∩.#...
####.#...#.#.###s#...#.8.
.....#.8.#.###.ss#..##...
z©####©.©#...©≈≈©#.## 8.
.#.zz#####.###..?#.≈##
.#).##...#.#.###.#.≈≈#
.#.#©#.8.#.#.....#.≈##
######...#########.##
...................≈#


You could see a wolf spider (berserk, poisoned, waterlogged) and 2 redbacks.

Vanquished Creatures
  4 hydras
  A boulder beetle (D:10)
  Erica (D:8)
  2 two-headed ogres (D:10)
  5 death yaks (Lair:2)
  A deep elf pyromancer (D:11)
  3 cyclopes
  A merfolk siren (Lair:3)
  8 elephants
  A moth of wrath (Gauntlet)
  A black mamba (Lair:4)
  3 komodo dragons
  A polar bear (Lair:4)
  4 trolls
  10 blink frogs
  9 slime creatures (D:12)
  2 culicivoras (Lair:2)
  A flying skull (Gauntlet)
  2 shadows (D:10)
  2 wyverns
  43 yaks
  A basilisk (Lair:2)
  A steam dragon (D:8)
  Eustachio (D:4)
  A redback (Lair:2)
  2 acid dragons
  Edmund (D:5)
  4 water moccasins
  Duvessa (D:6)
  2 orc warriors (D:10)
  An ice beast (D:5)
  6 ogres
  4 black bears
  8 wolves
  3 centaurs
  Blork the orc (D:4)
  8 bullfrogs
  A gnoll sergeant (D:9)
  7 kobold brigands
  A necrophage (D:6)
  3 scorpions
  Dowan (D:6)
  11 killer bees
  2 electric eels
  5 howler monkeys
  2 gnoll shamans
  8 hounds
  A jelly (D:3)
  5 orc priests
  Ijyb (D:5)
  3 iguanas
  3 orc wizards
  3 hell rats (Lair:2)
  2 ogre zombies (D:10)
  2 mummies
  9 gnolls (D:9)
  9 adders
  A river rat (Sewer)
  A shadow imp (D:6)
  A white imp (D:6)
  3 worms (D:2)
  The ghost of blackman the Sneak, a weakling HuDe (D:5)
  2 dart slugs
  29 orcs
  6 spectral bats (Ossuary)
  9 bats
  9 endoplasms
  5 giant cockroaches
  12 gnoll zombies (Ossuary)
  8 goblins
  6 hobgoblins
  A jackal (Sewer)
  23 kobolds
  5 quokkas
  4 ball pythons
  3 bat simulacra (Ossuary)
  11 frilled lizards
  3 goblin simulacra (Ossuary)
  4 goblin zombies (Ossuary)
  4 hobgoblin skeletons (D:10)
  5 hobgoblin zombies
  6 kobold simulacra (Ossuary)
  5 kobold zombies (Ossuary)
  17 orc zombies
  15 rats
  2 rat simulacra (Ossuary)
  4 spectral goblins (Ossuary)
  3 spectral kobolds (Ossuary)
  A spectral rat (Ossuary)
438 creatures vanquished.

Vanquished Creatures (collateral kills)
  2 hydras
  2 death yaks
  A two-headed ogre (D:11)
  Sonja (Lair:2)
  A black mamba (Lair:2)
  A cane toad (Lair:1)
  An unseen horror (D:11)
  2 rime drakes
  A komodo dragon (Lair:2)
  A hornet (D:10)
  4 blink frogs
  3 slime creatures (D:12)
  A jumping spider (Lair:2)
  2 shadows
  2 wyverns
  A water elemental (D:11)
  21 yaks
  A steam dragon (D:8)
  3 water moccasins
  An orc warrior (D:10)
  3 wolves
  A centaur (D:10)
  A gnoll sergeant (D:9)
  A killer bee (D:10)
  A hound (D:11)
  3 orc wizards
  A hell rat (Lair:2)
  4 ogre zombies (D:10)
  An adder (D:5)
  2 gnolls (D:9)
  5 orcs
  4 kobolds
  An orc skeleton (D:10)
  An orc zombie (D:10)
81 creatures vanquished.

Vanquished Creatures (others)
  3 ancestors
  7 knights
  9 fungi
  15 plants
34 creatures vanquished.

Grand Total: 553 creatures vanquished

Notes
Turn   | Place    | Note
-------+----------+-------------------------------------------
     0 | D:1      | buhh the Kobold Hunter began the quest for the Orb.
     0 | D:1      | Reached XP level 1. HP: 12/12 MP: 1/1
   138 | D:1      | Reached XP level 2. HP: 18/18 MP: 2/2
   641 | D:1      | Reached XP level 3. HP: 22/22 MP: 3/3
  1129 | D:1      | Found a faded altar of an unknown god.
  1338 | D:2      | Reached XP level 4. HP: 24/27 MP: 4/4
  1974 | D:3      | Reached XP level 5. HP: 31/31 MP: 5/5
  2376 | D:3      | Found a stormy altar of Qazlal.
  3406 | D:4      | Reached XP level 6. HP: 36/36 MP: 6/6
  3539 | D:4      | Noticed Eustachio
  3717 | D:4      | HP: 1/36 [river rat[Eustachio] (6)]
  4223 | D:4      | Found a snail-covered altar of Cheibriados.
  4530 | D:4      | Noticed an ogre
  4775 | D:5      | Entered Level 5 of the Dungeon
  4821 | D:5      | Found a runed translucent door.
  4826 | D:5      | Noticed blackman's ghost (weakling HuDe)
  4864 | D:5      | Found a glowing drain.
  4870 | D:5      | Reached XP level 7. HP: 26/40 MP: 7/7
  5021 | Sewer    | Entered a sewer
  5187 | Sewer    | Found a glowing silver altar of Zin.
  5253 | D:5      | Noticed Ijyb
  5257 | D:5      | Killed Ijyb
  5265 | D:5      | Noticed Blork the orc
  5287 | D:4      | Killed Blork the orc
  5301 | D:4      | Killed Eustachio
  5302 | D:4      | Reached XP level 8. HP: 31/48 MP: 8/8
  5440 | D:5      | Noticed Edmund
  5532 | D:5      | Reached skill level 11 in Crossbows
  5890 | D:5      | Found Etatt's Neck Hole.
  6159 | D:5      | HP: 2/48 [black bear (3)]
  6705 | D:5      | Bought a +0 cloak for 58 gold pieces
  6856 | D:6      | Found a staircase to the Ecumenical Temple.
  6871 | D:6      | Reached XP level 9. HP: 28/54 MP: 9/9
  7035 | Temple   | Entered the Ecumenical Temple
  7054 | Temple   | Became a worshipper of Hepliaklqana the Forgotten
  7368 | D:6      | Noticed Dowan
  7370 | D:6      | Noticed Duvessa
  7380 | D:6      | Killed Duvessa
  7383 | D:6      | Killed Dowan
  7508 | D:6      | Found a radiant altar of Vehumet.
  8212 | D:7      | Found a sand-covered staircase.
  8218 | Ossuary  | Entered an ossuary
  8857 | D:7      | Reached * piety under Hepliaklqana
  9052 | D:7      | Reached XP level 10. HP: 57/57 MP: 10/10
  9470 | D:8      | Noticed Erica
  9481 | D:8      | Killed Erica
 10024 | D:9      | Reached skill level 15 in Crossbows
 10088 | D:9      | Found a transporter.
 10090 | D:9      | Noticed valliere's ghost (novice DrFE)
 10106 | D:9      | Found a transporter.
 10166 | D:9      | Reached ** piety under Hepliaklqana
 10177 | D:9      | Remembered your ancestor Senakhtenre as a knight
 10214 | D:9      | Reached XP level 11. HP: 55/65 MP: 9/11
 10431 | D:9      | Found a shadowy altar of Dithmenos.
 10442 | D:9      | Found a glowing golden altar of the Shining One.
 10442 | D:9      | Found a burning altar of Makhleb.
 10522 | D:10     | Entered Level 10 of the Dungeon
 10593 | D:10     | Noticed a cyclops
 10597 | D:10     | Killed a cyclops
 10653 | D:10     | Reached skill level 11 in Fighting
 10711 | D:10     | Found a staircase to the Orcish Mines.
 11156 | D:10     | Found a bloodstained altar of Trog.
 11221 | D:10     | Noticed a two-headed ogre
 11224 | D:10     | Killed a two-headed ogre
 11293 | D:10     | Found Vuffoxt's Assorted Antiques.
 11303 | D:10     | Bought a scroll of identify for 48 gold pieces
 11303 | D:10     | Bought a scroll of identify for 48 gold pieces
 11303 | D:10     | Bought a potion of heal wounds for 120 gold pieces
 11303 | D:10     | Bought a scroll of fog for 48 gold pieces
 11303 | D:10     | Bought an opal ring for 120 gold pieces
 11462 | D:10     | Noticed a two-headed ogre
 11480 | D:10     | Killed a two-headed ogre
 11743 | D:11     | Noticed a boulder beetle
 11749 | D:11     | Noticed a five-headed hydra
 11852 | D:11     | Reached *** piety under Hepliaklqana
 12032 | D:11     | Noticed a two-headed ogre
 12185 | Orc:1    | Entered Level 1 of the Orcish Mines
 12262 | Orc:1    | Noticed an orc sorcerer
 12608 | D:5      | Killed Edmund
 12630 | D:5      | Killed blackman's ghost
 13023 | D:11     | Killed a two-headed ogre
 13024 | D:11     | Reached XP level 12. HP: 74/75 MP: 13/15
 13041 | D:10     | Killed a boulder beetle
 13127 | D:11     | Killed a five-headed hydra
 13441 | D:11     | Found a staircase to the Lair.
 13679 | D:12     | Noticed a four-headed hydra
 13685 | D:12     | Killed a four-headed hydra
 13889 | D:12     | Identified the ring of Leaddoj {*Corrode Fly rN+ Int+6}
 13918 | D:12     | Noticed a skeletal warrior
 14009 | Lair:1   | Entered Level 1 of the Lair of Beasts
 14032 | Lair:1   | Reached XP level 13. HP: 81/81 MP: 19/19
 14223 | Lair:1   | Reached skill level 11 in Dodging
 14293 | Lair:1   | Reached **** piety under Hepliaklqana
 14416 | Lair:1   | Found an ornate altar of the Wu Jian Council.
 14895 | Lair:1   | Found the +15 Maxwell's patent armour {-Cast -Tele rElec
                  | Will+ rCorr}
 15409 | Lair:2   | Found a hole to the Spider Nest.
 15554 | Lair:2   | Noticed Sonja
 15561 | Lair:2   | Killed Sonja
 15752 | Lair:2   | Noticed a four-headed hydra
 15764 | Lair:2   | Killed a four-headed hydra
 16011 | Lair:2   | Reached skill level 15 in Dodging
 16114 | Lair:2   | Reached XP level 14. HP: 21/86 MP: 20/20
 16929 | Lair:3   | Reached ***** piety under Hepliaklqana
 17113 | Lair:3   | Got the Reference Book on Shifting Creation
 17359 | Lair:3   | Found a staircase to the Shoals.
 17411 | Lair:3   | Identified a scroll of acquirement
 17411 | Lair:3   | Acquired the +12 arbalest "Concordance" {venom, rElec rPois
                  | rF+ Will++}
 17954 | Lair:4   | Reached skill level 11 in Stealth
 18334 | Lair:5   | Found a gate leading to a gauntlet.
 18343 | Gauntlet | Entered a Gauntlet
 18343 | Gauntlet | Found a transporter.
 18366 | Gauntlet | Found a transporter.
 18384 | Gauntlet | Found a transporter.
 18386 | Gauntlet | Found the +1 cloak of Starlight {*Dazzle EV+4 Stlth--}
 18395 | Gauntlet | Found a transporter.
 18439 | Gauntlet | Found a transporter.
 18684 | Gauntlet | Found a transporter.
 18686 | Gauntlet | Found a transporter.
 18700 | Gauntlet | Found a transporter.
 18700 | Gauntlet | Found a transporter.
 18732 | Gauntlet | Found a transporter.
 18761 | Gauntlet | Demolished by a wolf spider

Illustrated notes

Levels and vault maps discovered:
D:1:      mainiacjoe_arrival_reflecting_pool, layout_loops_ring,
          ebering_ecumenical_altar_petrified, chequers_serial_rivers_room_a,
          chequers_serial_rivers_small_a, minmay_misc_feat_pillars,
          amcnicky_mini_rare_corridor_liquid, amethyst_killhole,
          minmay_tromino_mix6
D:2:      layout_rooms, serial_rivers, chequers_serial_rivers_small_b,
          chequers_serial_rivers_micro_e, chequers_serial_rivers_marsh,
          chequers_serial_rivers_small_b, chequers_serial_rivers_marsh,
          kennysheep_generic_room_14
D:3:      layout_basic, nicolae_qazlal_scattered_showers, grunt_ministairs_13,
          minmay_misc_feat_chi, minmay_close_crescents
D:4:      layout_loops_corners, slow_altar_1, uniq_eustachio
D:5:      layout_layer_cave, ebering_ghost_sewer_d, portal_sewer_entry_f,
          nicolae_shop_sticking_my_neck_out, uniq_blork_the_orc, uniq_ijyb,
          uniq_edmund
D:6:      layout_basic, vehumet_altar_wand_db, minmay_temple_entry_glass,
          uniq_duvessa
D:7:      layout_loops_ring, nicolae_ossuary_entry_ruins
D:8:      cheibrodos_helix_gallery, layout_loops_ring, kennysheep_another_room,
          uniq_erica
D:9:      layout_basic, chequers_temple_overflow_statue_of_worship,
          gammafunk_ghost_stat_death, minivault_24, nrook_campfire
D:10:     layout_cave_pods, bloody_trog, zombieorc1_lemuel, serial_shops,
          nicolae_shop_stone
D:11:     layout_rooms, erik_lair_island
D:12:     layout_rooms
Temple:   nicolae_temple_no_exploring_needed
Lair:1:   layout_small_grid, basic_altar, serial_bayou_shore_b,
          grunt_megastairs_1
Lair:2:   layout_gridlike, nicolae_spider_entry_tight_spaces,
          grunt_megastairs_2, uniq_sonja, uniq_amaemon
Lair:3:   layout_chaotic_city, minmay_shoals_entry_lonely_mermaid
Lair:4:   layout_hall_layers, gammafunk_ghost_cemetery,
          chequers_serial_rivers_micro_d, nicolae_quartered_pool_medium
Lair:5:   layout_regular_city, gauntlet_entry_generic, lemuel_fruit_tree
Orc:1:    layout_caves, uniq_urug
Gauntlet: minmay_gauntlet_77_indecision [minmay_gauntlet_arena_77_double_cross,
          minmay_gauntlet_arena_77_box,
          minmay_gauntlet_arena_77_radiant_squares,
          minmay_gauntlet_arena_77_tiled_triplets,
          minmay_gauntlet_arena_77_mirror,
          minmay_gauntlet_arena_77_hold_the_fort, gauntlet_exit_hidden_loot]

Skill      XL: |  1  2  3  4  5  6  7  8  9 10 11 12 13 14 |
---------------+-------------------------------------------+-----
Crossbows      | 6 7 9 10 11 13 15 16 | 16.0
Dodging        | 4 5 7 10 15 16 | 16.1
Fighting       | 3 5 7 10 13 14 | 14.0
Invocations    | 4 8 |  8.0
Stealth        | 11 | 11.9

Action                   |  1- 3 |  4- 6 |  7- 9 | 10-12 | 13-15 || total
-------------------------+-------+-------+-------+-------+-------++-------
 Fire: Hand crossbow     |    72 |   145 |       |       |       ||   217
       Arbalest          |       |    47 |   328 |   417 |   390 ||  1182
Throw: Dart              |       |       |     6 |       |       ||     6
Invok: Recall Ancestor   |       |       |       |     8 |     5 ||    13
       Ancestor Life: Kn |       |       |       |     1 |       ||     1
       Idealise          |       |       |       |       |     1 ||     1
       Transference      |       |       |       |       |     2 ||     2
Evoke: Wand              |       |     6 |    12 |     8 |    10 ||    36
       Phial of floods   |       |       |       |     1 |     1 ||     2
  Use: Potion            |       |       |     9 |     3 |     3 ||    15
       Scroll            |       |       |    13 |    11 |     6 ||    30
Armor: Leather armour    |     5 |    39 |    59 |    26 |       ||   129
       Troll leather arm |       |       |       |     5 |    35 ||    40
Dodge: Dodged            |    14 |    87 |   234 |   160 |   252 ||   747
Block: Kite shield       |    10 |    23 |       |       |       ||    33

Table legend: (Time is in decaauts)
 A = Elapsed time spent in this place.
 B = Non-inter-level travel time spent in this place.
 C = Inter-level travel time spent in this place.
 D = Time resting spent in this place.
 E = Time spent auto-exploring this place.
 F = Levels seen in this place.
 G = Mean time per level.
                   A        B        C        D        E       F      G
               +--------+--------+--------+--------+--------+-----+--------+
         Total |  19056 |  17671 |   1385 |   1387 |  12807 |  22 |  866.2 |
       Dungeon |  13475 |  12166 |   1309 |   1143 |   8798 |  12 | 1122.9 |
        Temple |     26 |     19 |      7 |      0 |      7 |   1 |   26.0 |
          Lair |   4337 |   4268 |     69 |    121 |   3410 |   5 |  867.4 |
  Orcish Mines |     13 |     13 |      0 |      0 |      0 |   1 |   13.0 |
         Sewer |    248 |    248 |      0 |      0 |    201 |   1 |  248.0 |
       Ossuary |    536 |    536 |      0 |    121 |    170 |   1 |  536.0 |
      Gauntlet |    416 |    416 |      0 |      2 |    221 |   1 |  416.0 |
               +--------+--------+--------+--------+--------+-----+--------+

Top non-repeatable levels by time:
     D:4: 2197 daAuts
    D:10: 1938 daAuts
     D:3: 1436 daAuts
     D:5: 1325 daAuts
  Lair:1: 1289 daAuts
  Lair:2: 1269 daAuts
     D:1: 1268 daAuts
     D:6: 1139 daAuts
  Lair:3: 1055 daAuts
     D:8: 854 daAuts
     D:2: 791 daAuts
     D:7: 765 daAuts
    D:11: 746 daAuts
  Lair:4: 701 daAuts
     D:9: 685 daAuts
